 Dungeon Crawl Stone Soup version 0.23-a0-408-g9d4b7ed (webtiles) character file.

81 MisterFreud the Slasher (level 4, 0/43 HPs)
             Began as an Octopode Gladiator on Nov 8, 2018.
             Succumbed to an adder's poison
             ... on level 3 of the Dungeon.
             The game lasted 00:02:57 (1751 turns).

MisterFreud the Slasher (Octopode Gladiator)        Turns: 1751, Time: 00:02:58

Health: 0/43       AC: 22    Str: 13    XL:     4   Next: 40%
Magic:  4/4        EV:  2    Int: 16    God:
Gold:   156        SH:  0    Dex: 13    Spells: 3/3 levels left

rFire    + . .     SeeInvis .   a - +0 long sword
rCold    x . .     Gourm    .   (no shield)
rNeg     + + +     Faith    .   (helmet currently unavailable)
rPois    +         Spirit   .   (no amulet)
rElec    .         Reflect  .   m - ring of fire (curse)
rCorr    .         Harm     .   (no ring)
MR       .....     NoTele   +   (no ring)
Stlth    +.........             (no ring)
HPRegen  0.14/turn              (no ring)
MPRegen  0.09/turn              (no ring)
                                (no ring)
                                (no ring)

@: brilliant, lethally poisoned (0 -> -2), tree-form, berserk cooldown, slowed,
very slow
A: almost no armour, stealthy swim, (amphibious), 8 rings, (constrict 8)
a: no special abilities


You were on level 3 of the Dungeon.
You were not hungry.
You were a tree.
You visited 1 branch of the dungeon, and saw 3 of its levels.

You collected 156 gold pieces.

Inventory:

Hand Weapons
 a - a +0 long sword (weapon)
Missiles
 c - 3 throwing nets (quivered)
 e - 100 arrows
 g - 13 poisoned needles
 j - 45 bolts
 n - 12 stones
 r - 13 sling bullets
Armour
 b - a +0 hat (melded)
Jewellery
 m - a cursed ring of fire (left branch)
Scrolls
 f - 2 scrolls of teleportation
 h - a scroll of identify
 k - 3 scrolls of remove curse
 p - a scroll of immolation {unknown}
Potions
 i - a potion of lignification
Comestibles
 d - 2 rations


   Skills:
 - Level 2.0 Fighting
 + Level 5.1 Long Blades
 - Level 2.0 Throwing
 - Level 3.0 Dodging


You had 3 spell levels left.
You didn't know any spells.
Your spell library was empty.

Dungeon Overview and Level Annotations

Branches:
Dungeon (3/15)

Altars:
Ru


Innate Abilities, Weirdness & Mutations

You cannot wear most types of armour.
You are very stealthy in the water. (Stealth+)
((You are amphibious.))
You can wear up to eight rings at the same time.
((You can use your tentacles to constrict eight enemies at once.))
((Your skin changes colour to match your surroundings (Stealth+).))
((Your rubbery body absorbs attacks. (AC +1, EV +1)))


Message History

2 chunks of flesh; an adder skeleton Eat one of 2 chunks of flesh? (ye/n/q)
You eat one of the 2 chunks of flesh.
This raw flesh tastes terrible.
You feel your anger nearly subside.
You are no longer berserk.
You are exhausted.
You feel yourself slow down.
* * * LOW HITPOINT WARNING * * *
You feel sick.
It was a potion of brilliance.
You feel clever all of a sudden.
* * * LOW HITPOINT WARNING * * *
You feel sick.
It was a potion of magic.
Magic courses through your body.
You turn into a tree.
Your +0 hat melds into your body.
Your roots penetrate the ground.
* * * LOW HITPOINT WARNING * * *
You feel sick.
* * * LOW HITPOINT WARNING * * *
You feel sick.
You die...

########### #)
#.........# #.
#.#######.###### ###'##
#.#..... #..†.# #.#.####
...#.##....######.#.#<..
.......♣...+........####
...##......######.######
#.!....# #.......
#......# ########
#####+##


There were no monsters in sight!

Vanquished Creatures
  2 adders
  An ooze (D:2)
  A worm (D:2)
  2 dart slugs
  2 leopard geckos (D:2)
  An orc (D:2)
  A giant cockroach (D:2)
  3 goblins
  10 hobgoblins
  2 quokkas
  6 bats
  3 frilled lizards
  9 kobolds
  5 rats
48 creatures vanquished.

Notes
Turn   | Place    | Note
-------+----------+-------------------------------------------
     0 | D:1      | MisterFreud the Octopode Gladiator began the quest for the
                  | Orb.
     0 | D:1      | Reached XP level 1. HP: 14/14 MP: 1/1
   145 | D:1      | Reached XP level 2. HP: 19/19 MP: 2/2
   792 | D:1      | Reached skill level 4 in Long Blades
   819 | D:2      | Reached XP level 3. HP: 24/24 MP: 3/3
  1023 | D:2      | Found a sacrificial altar of Ru.
  1517 | D:2      | Reached XP level 4. HP: 29/29 MP: 4/4
  1741 | D:3      | Reached skill level 5 in Long Blades
  1746 | D:3      | HP: 1/29 [poisoned by an adder]
  1751 | D:3      | Succumbed to an adder's poison

Vault maps used:
D:1:      dpeg_arrival_erosion
D:2:      overflow_temple_1_default, minmay_tripent
D:3:      gammafunk_temple_overflow_arena, uniq_terence

Skill      XL: |  1  2  3  4 |
---------------+-------------+-----
Long Blades    | 4 5 |  5.1
Fighting       | |  2.0
Throwing       | |  2.0
Dodging        | |  3.0

Action                   |  1- 3 |  4- 6 || total
-------------------------+-------+-------++-------
Melee: Long sword        |    64 |    17 ||    81
       Constrict         |    18 |     4 ||    22
       Tentacles         |    10 |     4 ||    14
  Use: Scroll            |       |     6 ||     6
       Potion            |       |     4 ||     4
 Stab: Sleeping          |    13 |     4 ||    17
  Eat: Chunk             |     2 |     1 ||     3
Armor: Skin              |     5 |     2 ||     7
Dodge: Dodged            |    51 |     4 ||    55
       Rpst.: Long sword |    13 |     2 ||    15

Table legend:
 A = Non-vault XP
 B = Vault XP
 C = Vault XP percentage of total XP
 D = Non-vault monster count
 E = Vault monster count
 F = Vault count percentage of total count
                 A         B        C        D         E       F
            +---------+---------+-------+---------+---------+-------
      Total |     113 |       3 |   2.6 |      46 |       2 |   4.2
            +---------+---------+-------+---------+---------+-------
        D:1 |      45 |       0 |   0.0 |      21 |       0 |   0.0
        D:2 |      50 |       3 |   5.7 |      21 |       2 |   8.7
        D:3 |      18 |       0 |   0.0 |       4 |       0 |   0.0
            +---------+---------+-------+---------+---------+-------
